Cogmind - Beta 15 @@@ ROGUE MODE // 2025.07.05 @ 07:57:30 Player: beans Result: Destroyed by H-66 Slayer with Gauss Rifle Performance ------------- Evolutions (4) 2000 Regions Visited (5) 1000 Robots Destroyed (43) 215 Value Destroyed (1455) 1455 Prototype IDs (15) 300 Alien Tech Used (0) 0 Bonus (662) 662 TOTAL SCORE: 5632 Bonus ------- Registered with UFD 300 Met Optimus in HQ 500 Friendly Fire -138 Cogmind --------- Core Integrity 0/850 Matter 300/300 Energy 100/100 System Corruption 0% Temperature Cool (0) Movement Core (150) Ox2 Location -6/Factory Parts ------- > --- POWER (2) -------- (None) > --- PROPULSION (4) --- (None) > --- UTILITY (5) ------ Spectral Analyzer > --- WEAPON (4) ------- Faulty Compact Ion Cannon Companion Sword > --- INVENTORY (5) ---- Scrap Suit Peak State ------------ > --- POWER ------------ Light Fission Core Graviton Reactor > --- PROPULSION ------- Improved VSS Leg Improved VSS Leg > --- UTILITY ---------- Improved Heavy Armor Plating > --- WEAPON ----------- Heavy Plasma Cannon Rocket Launcher Companion Sword > --- INVENTORY -------- Scrap Suit Spectral Analyzer Compact Ion Cannon [Rating: 49] Favorites ----------- Power Fission Core Engine Ion Engine Power Core Fission Core Reactor Graviton Reactor Propulsion Light Treads Treads Light Treads Leg Improved VSS Leg Utility Improved Heavy Armor Plating Processor Spectral Analyzer Protection Improved Heavy Armor Plating Weapon Rocket Launcher Energy Gun Medium Laser Energy Cannon Heavy Plasma Cannon Ballistic Gun Battle Rifle Launcher Rocket Launcher Slashing Weapon Companion Sword Build | -11 -10 -10 -9 -9 -6 ------- Run | Yrd Mat Sub Rec Scr Fac Slots Evolved 8 | . . . . . 8 Power 1 | . . . . . 1 Propulsion 2 | . . . . . 2 Utility 3 | . . . . . 3 Weapon 2 | . . . . . 2 Parts Attached 21 | 5 1 . 4 8 3 Power 4 | . . . 1 2 1 Engine 1 | . . . 1 . . Core 2 | . . . . 1 1 Reactor 1 | . . . . 1 . Propulsion 4 | 2 . . . 2 . Treads 2 | 2 . . . . . Leg 2 | . . . . 2 . Wheel . | . . . . . . Hover . | . . . . . . Flight . | . . . . . . Utility 3 | . . . 1 1 1 Device . | . . . . . . Storage . | . . . . . . Processor 1 | . . . . . 1 Hackware . | . . . . . . Protection 2 | . . . 1 1 . Artifact . | . . . . . . Weapon 10 | 3 1 . 2 3 1 Energy Gun 3 | 3 . . . . . Energy Cannon 2 | . . . . 1 1 Ballistic Gun 1 | . . . 1 . . Ballistic Cannon . | . . . . . . Launcher 3 | . 1 . 1 1 . Special Weapon . | . . . . . . Impact Weapon . | . . . . . . Slashing Weapon 1 | . . . . 1 . Piercing Weapon . | . . . . . . Special Melee Weapon . | . . . . . . Unidentified Prototypes 3 | . . . . 2 1 Parts Lost 12 | . . 2 . 3 7 Power 2 | . . . . . 2 Propulsion 4 | . . . . 2 2 Utility 1 | . . . . . 1 Weapon 5 | . . 2 . 1 2 Highest Loss Streak 7 | . . 2 . 3 7 To Critical Strikes 2 | . . 1 . . 1 Average Backups 3 | . 1 2 1 3 3 Power . | . . . . . . Propulsion . | . . . . . . Utility 1 | . . 1 . 1 1 Weapon 1 | . . 1 . 2 1 Tool/Special . | . . . . . . Unused Backups 2 | . . . . 1 1 Power . | . . . . . . Propulsion . | . . . . . . Utility 2 | . . . . 1 1 Weapon . | . . . . . . Tool/Special . | . . . . . . Average Slot Usage (%) 78 | . 57 56 83 83 41 Engine 4 | . . . 13 3 . Core 6 | . . . . 9 4 Reactor 1 | . . . . . 5 Treads 24 | . 28 28 28 25 . Leg 1 | . . . . 1 11 Protection 11 | . . . 13 14 4 Energy Gun 3 | . 15 14 13 . . Energy Cannon 3 | . . . . 4 2 Ballistic Gun 7 | . . . 13 7 . Launcher 10 | . 12 13 . 12 3 Slashing Weapon 1 | . . . . 2 5 Peak Build Rating 49 | 4 4 4 8 33 49 Average Rating 17 | 2 4 3 6 20 40 On Entrance 8 | . 4 4 2 8 33 Naked Turns . | . . . . . . Heaviest Build 55 | 4 5 5 14 43 55 Greatest Support 40 | 40 40 40 40 40 30 Greatest Overweight (x) 11 | . . . . 11 2 Average Overweight (x) . | . . . . . 1 Largest Inventory Capacity 5 | 5 5 5 5 5 5 Average Capacity 5 | 5 5 5 5 5 5 Most Carried 5 | 4 2 3 3 5 5 Average Carried 3 | . 1 2 1 4 3 Final Capacity 5 | 5 5 5 5 5 5 Final Carried 5 | . 2 3 2 5 2 Class Distribution -------------------- 100% | Mutant Dominant Class ---------------- Mutant | -10/Materials Mutant | -10/Subcaves Mutant | -9/Recycling Mutant | -9/Scraptown Mutant | -6/Factory Resources | -11 -10 -10 -9 -9 -6 ----------- Run | Yrd Mat Sub Rec Scr Fac Matter Collected 1106 | 260 20 . 53 696 77 Remotely . | . . . . . . Salvage Created 1856 | 132 78 69 53 1141 383 Parts 109 | 8 6 9 3 58 25 Haulers Intercepted . | . . . . . . Recyclers Shooed 1 | . . . . . 1 Parts Field Recycled . | . . . . . . Retrieved Matter . | . . . . . . Parts Self-Destructed 3 | . . 3 . . . Prevented . | . . . . . . Kills | -11 -10 -10 -9 -9 -6 ------- Run | Yrd Mat Sub Rec Scr Fac Combat Hostiles Destroyed 32 | . . 4 . 22 6 Melee 3 | . . . . . 3 Cannons 2 | . . . . 2 . AOE 27 | . . 4 . 20 3 Classes Destroyed 14 | 2 2 2 . 6 2 Builder 4 | . 1 . . . 3 Tunneler 2 | 2 . . . . . Recycler 4 | 1 1 . 1 . 1 Watcher 1 | . 1 . . . . Swarmer 6 | . . 2 . . 4 Grunt 1 | . . . . . 1 Sentry 1 | . . . . . 1 Subdweller 2 | . . 2 . . . Federalist 4 | . . . . 4 . Explorer 2 | . . . . 2 . Ranger 1 | . . . . 1 . Guru 1 | . . . . 1 . Scrapper 13 | . . . . 13 . Savage 1 | . . . . 1 . Best Kill Streak 11 | 3 1 4 1 11 3 Combat Bots Only 11 | . . 4 . 11 3 Max Kills in Single Turn 3 | 1 1 2 1 3 3 Gunslinging . | . . . . . . Exploded 3 | . . 2 . 3 3 Melee 1 | . . . . . 1 Uniques/NPCs Destroyed . | . . . . . . Combat | -11 -10 -10 -9 -9 -6 -------- Run | Yrd Mat Sub Rec Scr Fac Hostile Shots Fired 237 | . . 24 . 58 155 Missed 47 | . . 5 . 12 30 Hits 190 | . . 19 . 46 125 Melee 1 | . . . . 1 . Projectile 189 | . . 19 . 45 125 Critical Strikes 11 | . . 1 . 7 3 Damage Taken 2737 | . . 216 . 950 1571 Core 1024 | . . 27 . 137 860 Absorbed by Shields . | . . . . . . Core Remaining (%) 67 | 100 . . . 34 . Volleys Fired 75 | 11 12 9 3 38 2 Largest 2 | 2 2 2 2 2 2 Hottest 133 | 100 80 80 75 133 123 Shots Fired 110 | 13 24 15 6 49 3 Gun 40 | 13 12 9 6 . . Cannon 8 | . . . . 7 1 Launcher 62 | . 12 6 . 42 2 Special . | . . . . . . Kinetic 3 | . . . 3 . . Thermal 45 | 13 12 9 3 7 1 Explosive 53 | . 12 6 . 33 2 Electromagnetic 9 | . . . . 9 . Robot Hit Streak 6 | 4 6 4 6 6 3 Robot Miss Streak 3 | 1 2 . 1 3 . Penetration Max . | . . . . . . Secondary Targets . | . . . . . . Shots Hit Robots 52 | 8 5 3 4 13 19 Core Hits 70 | 4 4 7 3 41 11 Critical Kills . | . . . . . . Critical Parts Destroyed . | . . . . . . Critical Strikes 4 | 1 . 1 . . 2 Burn 2 | 1 . 1 . . . Melee Attacks 23 | . . . . . 23 Impact . | . . . . . . Slashing 23 | . . . . . 23 Piercing . | . . . . . . Sneak Attacks 4 | . . . . . 4 Combat Hostiles . | . . . . . . Follow-up Attacks 1 | . . . . . 1 Damage Inflicted 4219 | 99 316 343 47 2366 1048 Guns 210 | 99 26 38 47 . . Cannons 191 | . . . . 191 . Explosions 3003 | . 290 304 . 2175 234 Melee 814 | . . . . . 814 Ramming 1 | . . 1 . . . Kinetic 23 | . . . 23 . . Thermal 552 | 99 26 38 24 365 . Explosive 2440 | . 290 304 . 1612 234 Electromagnetic 389 | . . . . 389 . Impact . | . . . . . . Slashing 814 | . . . . . 814 Piercing . | . . . . . . Highest Corruption . | . . . . . . Average Corruption . | . . . . . . Corruption Purged . | . . . . . . Corruption Blocked . | . . . . . . Overload Shots . | . . . . . . Overflow Damage 203 | . 5 2 . 55 141 Projectiles . | . . . . . . Explosions 62 | . 5 2 . 55 . Melee 141 | . . . . . 141 Knockbacks . | . . . . . . Impact . | . . . . . . Kinetic . | . . . . . . Secondary . | . . . . . . Self-Inflicted Damage 195 | . . 33 . 114 48 Shots 7 | . . 2 . 4 1 Rammed 3 | . . 3 . . . Targets Rammed 3 | . . 3 . . . Kicked . | . . . . . . Crushed . | . . . . . . Highest Temperature 428 | 24 9 . 63 428 72 Average Temperature 100 | 12 3 . 30 127 30 Received Heat Transfer 918 | . . 12 . 582 324 Effects 5 | . . . . 5 . Shutdowns 2 | . . . . 2 . Energy Bleed 1 | . . . . 1 . Interference 2 | . . . . 2 . Siege Activations . | . . . . . . Martial Activations . | . . . . . . Shielding Activations . | . . . . . . Robots Disrupted . | . . . . . . Combat Hostiles . | . . . . . . Robots Corrupted . | . . . . . . Combat Hostiles . | . . . . . . Parts Fried 4 | . . . . 4 . Impact Corruptions . | . . . . . . Robots Melted . | . . . . . . Combat Hostiles . | . . . . . . Parts Melted 7 | . . . . 7 . Heat Transferred 1149 | 370 74 185 74 446 . Parts Sabotaged . | . . . . . . Parts Stolen . | . . . . . . Parts Stripped . | . . . . . . Power Chain Reactions 7 | . . . . 7 . Alert | -11 -10 -10 -9 -9 -6 ------- Run | Yrd Mat Sub Rec Scr Fac Maximum Alert Level . | . . . . . . Low Security (%) 100 | 100 100 . 100 . 100 Level 1 . | . . . . . . Level 2 . | . . . . . . Level 3 . | . . . . . . Level 4 . | . . . . . . Level 5 . | . . . . . . High Security . | . . . . . . Max Security . | . . . . . . Peak Influence 101 | 10 101 . 36 . 93 Initial 36 | . . . 36 . . Average 21 | . 48 . 3 . 43 Influence Increases 505 | 15 146 115 6 . 223 Destroy 0b10 Robot/C 160 | . . 40 . . 120 Destroy 0b10 Robot/NC 55 | 15 15 . 5 . 20 Destroy Leader 32 | . 2 . . . 30 Successful Hack 5 | . 5 . . . . Disable Machine 105 | . 75 . . . 30 Destroy Structure 58 | . 49 . 1 . 8 Lose Combat Pursuer 90 | . . 75 . . 15 Influence Decreases 432 | 15 70 116 81 . 150 Entered New Map 76 | . . 37 39 . . Time Decay 266 | 15 70 59 42 . 80 Lost Part 90 | . . 20 . . 70 Squads Dispatched 2 | . . . . . 2 Investigation . | . . . . . . Extermination . | . . . . . . Reinforcement 2 | . . . . . 2 Assault . | . . . . . . Garrison . | . . . . . . Intercept . | . . . . . . Searches Triggered . | . . . . . . Construction Impeded 1 | . . . . . 1 Haulers Reinforced . | . . . . . . Active Scanning Responses . | . . . . . . Cargo Convoy Interrupts . | . . . . . . Stealth | -11 -10 -10 -9 -9 -6 --------- Run | Yrd Mat Sub Rec Scr Fac Distress Signals . | . . . . . . Communications Jammed . | . . . . . . Distress Signals . | . . . . . . Times Spotted 50 | . 2 8 . 30 10 Peak Tracking Total 6 | . 2 6 . 5 6 Tactical Retreats 3 | . . 2 . . 1 Traps | -11 -10 -10 -9 -9 -6 ------- Run | Yrd Mat Sub Rec Scr Fac Traps Triggered . | . . . . . . Indirectly . | . . . . . . Trap Hack Attempts . | . . . . . . Triggered . | . . . . . . Disarmed . | . . . . . . Reprogrammed . | . . . . . . Reused . | . . . . . . Traps Extracted . | . . . . . . Installed . | . . . . . . Triggered . | . . . . . . Machines | -11 -10 -10 -9 -9 -6 ---------- Run | Yrd Mat Sub Rec Scr Fac Machines Disabled 10 | . 5 . . 3 2 Max in Single Turn 3 | . 3 . . 1 2 Machines Repaired . | . . . . . . Machines Dismantled . | . . . . . . Machines Sabotaged . | . . . . . . Overloaded Fab Kills . | . . . . . . Hacking | -11 -10 -10 -9 -9 -6 --------- Run | Yrd Mat Sub Rec Scr Fac Machines Accessed 5 | . 1 . . 4 . Terminals 1 | . 1 . . . . Fabricators . | . . . . . . Repair Stations . | . . . . . . Recycling Units . | . . . . . . Scanalyzers . | . . . . . . Garrison Access . | . . . . . . Total Hacks 21 | . 4 . . 17 . Successful 19 | . 2 . . 17 . Failed 2 | . 2 . . . . Catastrophic . | . . . . . . Database Lockouts . | . . . . . . Manual . | . . . . . . Terminals 4 | . 4 . . . . Fabricators . | . . . . . . Repair Stations . | . . . . . . Recycling Units . | . . . . . . Scanalyzers . | . . . . . . Garrison Access . | . . . . . . Terminal Hacks 19 | . 2 . . 17 . Record 9 | . . . . 9 . Robot Analysis 6 | . . . . 6 . Open Door 1 | . . . . 1 . Maintenance Status 1 | . 1 . . . . Zone Layout 1 | . 1 . . . . Proto ID Catalog 1 | . . . . 1 . Fabricator Hacks . | . . . . . . Repair Station Hacks . | . . . . . . Recycling Unit Hacks . | . . . . . . Scanalyzer . | . . . . . . Garrison Access Hacks . | . . . . . . Unauthorized Hacks . | . . . . . . Terminals . | . . . . . . Fabricators . | . . . . . . Repair Stations . | . . . . . . Recycling Units . | . . . . . . Scanalyzers . | . . . . . . Garrison Access . | . . . . . . Data Cores Recovered . | . . . . . . Used . | . . . . . . Hacking Detections 1 | . 1 . . . . Full Trace Events . | . . . . . . Feedback Events . | . . . . . . Feedback Blocked . | . . . . . . Robot Schematics Acquired . | . . . . . . Robots Built . | . . . . . . Authchips . | . . . . . . Time . | . . . . . . Total Robot Build Rating . | . . . . . . Part Schematics Acquired . | . . . . . . Parts Built . | . . . . . . Authchips . | . . . . . . Time . | . . . . . . Total Part Build Rating . | . . . . . . Parts Repaired . | . . . . . . Time . | . . . . . . Parts Recycled . | . . . . . . Recycled Matter . | . . . . . . Retrieved Matter . | . . . . . . Retrieved Components . | . . . . . . Parts Scanalyzed . | . . . . . . Part Schematics Acquired . | . . . . . . Parts Damaged . | . . . . . . Bothacking | -11 -10 -10 -9 -9 -6 ------------ Run | Yrd Mat Sub Rec Scr Fac Used RIF Installer . | . . . . . . Robots Hacked . | . . . . . . Non-combat . | . . . . . . Combat . | . . . . . . Robot Hacks Applied . | . . . . . . Relay Couplers Released . | . . . . . . Fabnet Peak Effective % . | . . . . . . Robots Rewired . | . . . . . . Allies Hacked . | . . . . . . Hacks Repelled . | . . . . . . Allies | -11 -10 -10 -9 -9 -6 -------- Run | Yrd Mat Sub Rec Scr Fac Total Allies . | . . . . . . Largest Group . | . . . . . . Highest-Rated Group . | . . . . . . Highest-Rated Ally . | . . . . . . Total Orders . | . . . . . . Ally Attacks . | . . . . . . Total Damage . | . . . . . . Kills . | . . . . . . Allies Corrupted . | . . . . . . Allies Melted 8 | . . . . 8 . Intel | -11 -10 -10 -9 -9 -6 ------- Run | Yrd Mat Sub Rec Scr Fac Active Infowar (turns) 55 | . . . . . 55 Optics 55 | . . . . . 55 Robot Analysis Total 6 | . . . . 6 . Derelict Logs Recovered . | . . . . . . Drone Launches . | . . . . . . Drone Recoveries . | . . . . . . Exploration | -11 -10 -10 -9 -9 -6 ------------- Run | Yrd Mat Sub Rec Scr Fac Turns Passed 4017 | 88 190 200 501 2780 258 Spaces Moved 2050 | 36 95 107 302 1402 108 Core 17 | 5 . . . 6 6 Treads 1857 | 31 95 107 302 1322 . Legs 176 | . . . . 74 102 Wheels . | . . . . . . Hover . | . . . . . . Flight . | . . . . . . Fastest Speed 50 | 50 160 160 160 160 150 Average Speed 166 | 144 160 160 160 168 178 Slowest Speed 600 | 160 160 160 160 600 180 Overloaded Moves . | . . . . . . Propulsion Burnouts . | . . . . . . Robots Hopped . | . . . . . . Potential Cave-ins . | . . . . . . Cave-ins Triggered . | . . . . . . Exploration Rate (%) 29 | 4 23 11 54 77 5 Regions Visited 5 Branch Regions 3 Pre-discovered Areas . | . . . . . . Known Exits Taken . | . . . . . . Unknown Exits Taken 5 | 1 1 1 1 1 . Scrap Searched 6 | . . . . 6 . Spaces Dug 10 | . 7 3 . . . Terrain Destroyed 252 | . 75 36 . 133 8 Melee . | . . . . . . Projectile 1 | . . . . 1 . AOE 251 | . 75 36 . 132 8 Terrain Rammed . | . . . . . . Walls Destroyed . | . . . . . . Machines Disabled . | . . . . . . Actions | -11 -10 -10 -9 -9 -6 --------- Run | Yrd Mat Sub Rec Scr Fac Total 2508 | 60 109 119 315 1765 140 Wait 290 | . . . . 290 . Move 2046 | 35 94 107 301 1401 108 Hop . | . . . . . . Pick Up 25 | 6 2 1 3 12 1 Fast Attach 4 | . . . . 3 1 Attach 20 | 6 . . 6 3 5 Detach 3 | . . . 2 . 1 Swap 8 | . 1 . . 7 . Drop 13 | 2 . . . 11 . Fire 75 | 11 12 9 3 38 2 Melee 22 | . . . . . 22 Ram . | . . . . . . Kick . | . . . . . . Crush 2 | . . 2 . . . Escape Stasis . | . . . . . . Rewire . | . . . . . . Trap . | . . . . . . Miscellaneous . | . . . . . . Route ------- -11/Scrapyard -10/Materials (discovered 3 exits: [*Mat] / [*Min] / [*Sub]) -10/Subcaves (discovered 2 exits: [*Mat] / [*Rec]) -9/Recycling -9/Scraptown (discovered 2 exits: *Fac x2) -6/Factory History --------- Turn | Location | Event 5 | -11/Scrapyard | Discovered new exit (range 16) 89 | -11/Scrapyard | Entered Materials 221 | -10/Materials | Discovered new exit (range 13) 230 | -10/Materials | Discovered new exit (range 13) 268 | -10/Materials | Discovered new exit (range 8) 279 | -10/Materials | Entered Subcaves 318 | -10/Subcaves | Build established: Mutant 397 | -10/Subcaves | Shifting Twisted Machinery released Battle Rifle 439 | -10/Subcaves | Shifting Twisted Machinery released Sub. Machine Gun 441 | -10/Subcaves | Shifting Twisted Machinery released Sub. Machine Gun 442 | -10/Subcaves | Discovered new exit (range 9) 456 | -10/Subcaves | Discovered new exit (range 5) 457 | -10/Subcaves | Shifting Twisted Machinery released Sub. Machine Gun 479 | -10/Subcaves | Entered Recycling 801 | -9/Recycling | Scanned before Scraplab entrance 965 | -9/Recycling | Entered Scraplab 978 | -9/Recycling | Discovered new exit (range 2) 980 | -9/Recycling | Entered Scraptown 1259 | -9/Scraptown | Visited Bundlers 1367 | -9/Scraptown | Visited SPCMW 1532 | -9/Scraptown | Discovered new exit (range 9) 1695 | -9/Scraptown | Visited Assassins FH 1735 | -9/Scraptown | Visited Junk Repository 1796 | -9/Scraptown | Visited CPS Storage 1834 | -9/Scraptown | Visited UFD Registry 1966 | -9/Scraptown | Registered with UFD as "Roughbomber" 2038 | -9/Scraptown | Visited Analyses Database 2080 | -9/Scraptown | Visited Derelict Rescue Squad 2097 | -9/Scraptown | Found DRS Beacon 2141 | -9/Scraptown | Visited Supply Room 2193 | -9/Scraptown | Visited Infowarlord's Domain 2204 | -9/Scraptown | Found Spectral Analyzer 2240 | -9/Scraptown | Visited Curators Association 2288 | -9/Scraptown | Visited Scrap Suit Storage 2300 | -9/Scraptown | Found Scrap Suit 2346 | -9/Scraptown | Visited LU-1G1's Boring Crew 2477 | -9/Scraptown | Visited Sword Containment 2554 | -9/Scraptown | Visited Abandonware Association 2615 | -9/Scraptown | Visited Science Guys 2923 | -9/Scraptown | Met Optimus 2923 | -9/Scraptown | Accepted into 0bPrime 3178 | -9/Scraptown | Discovered new exit (range 3) 3323 | -9/Scraptown | Civil war broke out across Scraptown 3482 | -9/Scraptown | Optimus destroyed in the chaos of civil war 3534 | -9/Scraptown | Lost 16 allies 3573 | -9/Scraptown | Destroyed 11 combat bots 3582 | -9/Scraptown | Lost 3 parts (2n1w) 3601 | -9/Scraptown | Lost 6 allies 3712 | -9/Scraptown | Lost 6 allies 3720 | -9/Scraptown | Core integrity fell below 50% 3760 | -9/Scraptown | Entered Factory 3760 | -6/Factory | Evolved 8 slots: Power x1, Propulsion x2, Utility x3, Weapon x2 3987 | -6/Factory | Core integrity fell below 50% 4010 | -6/Factory | Core integrity fell below 20% 4012 | -6/Factory | Lost 7 parts (2p2n1u2w) 4018 | -6/Factory | Destroyed by H-66 Slayer with Gauss Rifle Last Messages --------------- R-10 Processor inserts VTOL Module into recycling unit. K-01 Serf collects debris. Penetrated by Slug. Slug penetrates Wall. R-10 Processor collects Hpw. Tractor Beam. R-10 Processor collects Imp. Ion Engine. R-10 Processor collects Com. Wheel. Slug penetrates Recycling Unit. R-10 Processor inserts Adv. Heat Sink into recycling unit. Penetrated by Slug. R-10 Processor collects Com. Wheel. K-01 Serf collects debris. Slug penetrates Recycling Unit. R-10 Processor collects Carbon-fiber Leg. R-10 Processor inserts Gatling Laser into recycling unit. Penetrated by Slug. [Achievement: Just Browsing] Map ----- +----------------------------------------------------+ | ????????????## ##????????????????????????????? | | ????????????## ##????????????????????????????? | | ?????????????# ##????????????????????????????? | | ?????????????# #?????????????????????????????? | | ?????????????# #??##?????????????????????????? | | ?????????????# #? ??????????????????????????? | | ?????????????# # ???????????????????????????? | | ?????????????# # ????????????????????????????? | | ?????????????# +?????????????????????????????? | | ??############ #?????????????????????????????? | | ?? # #?????????????????????????????? | | ??"""" """" # #?????????????????????????????? | | ??"""" """" # #?????????????????????????????? | | # """" """" !# ########??????????????????????? | | # """" " %# #??????????????????????? | | # /% #??????????????????????? | | # """" " # #??????????????????????? | | ? """" = " # #??????????????????????? | | ? """" T" # #??????????????????????? | | ??"""" "" # ####%###??????????????????????? | | ? "" # ####+###########??????????????? | | # # ## %%R ! #??????????????? | | #####/######## ## %h = """ #??????"???????? | | ??? ?????? ## """RRk!k""" # ??????? | | ???##??????### # "YR !! """k/ """ ?????? | | ?????????????# ## """@u!u # ""?????????? | | ?????????????# ## k h ! #?? "??????????? | | ?????????????# ####g###########??????????????? | | ?????????????# ? ????????????????????????? | | ?????????????# um ????????????????????????? | | ?????????????? ????????????????????????? | | ??????????????????A ? ????????????????????????? | | ????????????????? k ? ????????????????????????? | | ???????????????# ###??###????????????????????????? | | ???????????????#?????????????????????????????????? | | ?????????????????????????????????????????????????? | | ?????????????????????????????????????????????????? | | ?????????????????????????????????????????????????? | | ?????????????????????????????????????????????????? | | ?????????????????????????????????????????????????? | | ?????????????????????????????????????????????????? | | ?????????????????????????????????????????????????? | | ?????????????????????????????????????????????????? | | ?????????????????????????????????????????????????? | | ?????????????????????????????????????????????????? | | ?????????????????????????????????????????????????? | | ?????????????????????????????????????????????????? | | ?????????????????????????????????????????????????? | | ?????????????????????????????????????????????????? | | ?????????????????????????????????????????????????? | +----------------------------------------------------+ Best States ------------- Heat Dissipation 37 Energy Generation 42 Energy Capacity 400 Matter Stores 300 Matter Capacity 300 Sight Range 24 Terrain Scan Density 10 Armor Coverage 600 Evasion (%) 40 Recoil Reduction 2 Authchip Count 1 Item Schematics ----------------- None Robot Schematics ------------------ None Fabricated ------------ Nothing Repaired ---------- Nothing Alien Tech Used ----------------- None Achievements -------------- Dramatic Entrance Just Browsing Challenges ------------ None Game ------ Seed TowerBoreScythe Manual? 0 Play Time 00:35:59 Cumulative 40.4 hours Start 2025.07.05 @ 07:22:53 End 2025.07.05 @ 07:57:30 Sessions 1 Manual Loads 0 Difficulty Rogue Special Mode None Game No. 190 Rogue 190 Adventurer 0 Explorer 0 Win Type - Total 0 Types 0/0/0/0/0/0/0/0/0/0 Lore% 31 Gallery% 25 Achievement% 21 Wizard Run 0 Options --------- Layout 2 ASCII 0 Keyboard 0 Movement Mouse Keybinds 0 Fullscreen 1 Font 24/Smallcaps Map View 50x44 Zoom Use 0% Tactical HUD 0 Map Filters NONE Filters NONE Steam 1 RUN: 338441c8-9d8e-4049-85a6-4a2fdb093a85